Map: King's Cove LE

Players

Probe - Winner!

  • Race: Protoss Protoss
  • Spawn Location: 11:00

Namshar

  • Race: Zerg Zerg
  • Spawn Location: 5:00

Event: 2019 WCS Spring

VOD

Have the link to the VOD?

Description

Time

  • Played on: May 18, 2019, 9:29 a.m.
  • Length: 43:50

All games in this series

Show
View Real Time Build Order
Export as new Build Order

Probe Protoss - Winner!

Build Orders: 1 Gate Expand, Archon Immortal, Carriers 

Get SALT Encoding   

  12  0:00  Probe  
  13  0:12  Probe  
  14  0:19  Pylon  
  14  0:25  Probe  
  15  0:29  Assimilator  
  15  0:33  Probe  
  15  0:41  Probe  
  16  0:47  Gateway  
  17  0:51  Probe  
  18  1:03  Probe  
  19  1:15  Probe  
  20  1:25  Nexus  
  20  1:35  Cybernetics Core  
  20  1:38  Probe  
  21  1:44  Assimilator  
  21  1:51  Probe  
  21  1:54  Pylon  
  22  2:02  Probe, Adept  
  23  2:10  Probe  
  23  2:12  Warp Gate  
  26  2:18  Probe  
  26  2:22  Robotics Facility  
  27  2:29  Probe  
  27  2:32  Sentry  
  27  2:33  Probe  
  30  2:41  Probe x2  
  33  2:51  Probe  
  33  2:53  Probe  
  33  2:58  Stalker  
  37  3:02  Warp Prism  
  37  3:03  Probe  
  39  3:05  Probe  
  41  3:15  Probe  
  41  3:17  Probe  
  41  3:19  Pylon  
  43  3:27  Probe  
  43  3:28  Sentry  
  43  3:33  Gateway  
  46  3:36  Pylon  
  46  3:37  Probe  
  46  3:40  Observer, Probe  
  49  3:49  Probe  
  49  3:52  Probe  
  49  3:53  Gateway  
  49  3:54  Immortal, Gateway  
  51  4:01  Assimilator, Probe  
  52  4:06  Probe  
  57  4:11  Sentry  
  57  4:13  Probe  
  60  4:19  Probe  
  60  4:20  Forge  
  61  4:25  Probe  
  62  4:31  Assimilator  
  62  4:35  Pylon  
  62  4:36  Pylon  
  62  4:41  Pylon, Gateway  
  62  4:42  Gateway  
  62  4:50  Immortal  
  62  4:53  Probe  
  63  5:01  Probe  
  63  5:04  Phoenix  
  63  5:05  Sentry  
  63  5:07  Protoss Ground Weapons Level 1, Twilight Council  
  70  5:11  Stalker  
  70  5:12  Pylon  
  72  5:16  Probe x2  
  72  5:17  Immortal  
  74  5:22  Pylon  
  78  5:43  Sentry x2  
  78  5:48  Immortal  
  82  5:50  Charge  
  82  5:55  Gateway x2  
  86  6:02  Adept  
  86  6:03  Pylon  
  88  6:11  Nexus  
  88  6:19  Immortal  
  88  6:25  Zealot x3  
  90  6:30  Pylon  
  98  6:49  Protoss Ground Weapons Level 2  
  98  6:51  Zealot x5  
  108  6:56  Pylon  
  108  6:57  Probe  
  113  7:03  Templar Archives  
  113  7:20  Immortal  
  113  7:22  Zealot x4  
  113  7:23  Zealot  
  123  7:36  Probe x2  
  125  7:44  High Templar x4  
  129  7:45  Zealot x4  
  129  7:50  Archon  
  141  7:56  Pylon  
  141  7:57  Pylon  
  141  7:59  Archon  
  141  8:04  Probe x2  
  140  8:09  Sentry  
  139  8:16  Probe x2  
  139  8:17  Zealot, High Templar x2  
  139  8:18  Zealot x4  
  155  8:24  Archon  
  155  8:30  Observer  
  156  8:36  Photon Cannon  
  156  8:46  Pylon  
  156  8:47  Pylon x3  
  156  8:49  Pylon  
  152  8:59  Zealot x7, Immortal  
  151  9:13  Probe x3  
  153  9:17  Psionic Storm  
  152  9:25  Probe x3  
  152  9:31  High Templar x2  
  155  9:36  Probe  
  155  9:37  Probe  
  155  9:38  Probe  
  157  9:44  Probe  
  152  9:48  Assimilator  
  152  9:49  Assimilator, Probe  
  150  9:53  Zealot x3  
  154  10:04  Immortal  
  154  10:05  Zealot x2  
  154  10:06  Zealot x3  
  138  10:12  Probe  
  133  10:14  Probe  
  133  10:16  High Templar  
  133  10:20  High Templar x2  
  131  10:30  Zealot x4  
  131  10:33  Immortal  
  123  10:50  Zealot x5  
  123  10:54  Probe x2  
  125  11:07  Zealot  
  125  11:08  Zealot x2  
  125  11:09  Probe x2  
  123  11:20  High Templar x4  
  123  11:22  Observer  
  123  11:25  Nexus  
  126  11:27  Pylon  
  126  11:34  Immortal  
  126  11:41  High Templar x2, Pylon  
  126  11:43  Photon Cannon  
  134  11:49  Zealot x2  
  138  12:03  Zealot x3  
  138  12:04  Zealot  
  138  12:05  Robotics Facility  
  146  12:11  Photon Cannon  
  146  12:14  Protoss Ground Weapons Level 3  
  146  12:16  Warp Prism  
  146  12:20  Zealot x2  
  150  12:29  Probe x3  
  155  12:41  Probe  
  155  12:42  Probe x3  
  153  12:52  Zealot x5, High Templar  
  153  12:54  Probe  
  153  12:56  Probe x2  
  153  12:57  Probe  
  165  13:07  Zealot x2  
  165  13:10  Stargate  
  165  13:12  Assimilator  
  169  13:16  Assimilator  
  169  13:17  Zealot, Stargate  
  169  13:18  Zealot  
  169  13:37  Zealot x4  
  173  13:47  Zealot  
  173  13:48  Zealot x3  
  177  14:00  High Templar x3  
  177  14:01  High Templar  
  140  14:11  Zealot x4  
  140  14:12  Archon x2  
  140  14:15  Observer  
  127  14:25  Fleet Beacon, Archon  
  127  14:26  Stargate  
  127  14:29  Immortal  
  127  14:30  Nexus  
  129  14:31  Sentry, Pylon  
  129  14:32  High Templar x3  
  129  14:36  Immortal  
  137  14:38  Zealot x4  
  136  14:49  Archon  
  124  15:00  Photon Cannon  
  124  15:02  Photon Cannon  
  124  15:04  Photon Cannon  
  124  15:05  Zealot x2, Shield Battery  
  124  15:06  Adept  
  130  15:09  High Templar x3, Shield Battery  
  136  15:17  Zealot  
  138  15:29  High Templar  
  138  15:30  High Templar x3  
  138  15:33  Observer  
  147  15:39  Archon x2  
  159  15:42  Carrier  
  159  15:43  Carrier  
  159  15:44  Immortal  
  163  15:54  Zealot x4  
  171  16:04  High Templar  
  171  16:05  High Templar  
  171  16:09  Observer, Carrier  
  176  16:15  Protoss Air Weapons Level 1  
  182  16:25  Zealot x6  
  194  16:33  Photon Cannon  
  194  16:34  Assimilator  
  194  16:37  Assimilator  
  194  16:38  Pylon  
  194  16:39  Photon Cannon, Shield Battery, Carrier  
  194  16:41  Photon Cannon  
  198  16:56  Cybernetics Core  
  198  17:05  Carrier  
  184  17:14  Carrier  
  190  17:19  Protoss Shields Level 1  
  190  17:20  Zealot x5  
  196  17:43  Carrier  
  175  17:56  Protoss Air Armor Level 1  
  175  18:02  Stargate  
  175  18:04  Stargate  
  175  18:08  Stargate  
  175  18:09  Nexus  
  175  18:12  Pylon  
  175  18:13  Warp Prism  
  175  18:31  Assimilator  
  175  18:34  High Templar x2  
  175  18:35  Assimilator  
  175  18:37  Photon Cannon  
  175  18:38  Photon Cannon  
  175  18:41  Photon Cannon  
  175  18:42  Shield Battery  
  175  18:43  Shield Battery  
  175  18:44  Sentry  
  175  18:48  Carrier  
  177  19:06  Zealot x4  
  183  19:17  Mothership  
  183  19:20  Zealot x2  
  183  19:21  Zealot x2  
  199  19:34  Dark Shrine  
  199  19:42  Protoss Air Weapons Level 2  
  171  20:24  Carrier  
  179  20:28  Carrier x3  
  179  20:34  Zealot x7  
  199  20:38  Observer  
  185  20:59  Observer x2  
  181  21:07  Zealot x2  
  181  21:08  Zealot x6  
  181  21:10  Carrier  
  181  21:11  Carrier  
  177  21:31  Dark Templar  
  177  21:32  Dark Templar x3  
  185  21:33  Zealot x2  
  189  21:40  High Templar x2  
  193  21:51  Carrier x2  
  193  22:12  Assimilator  
  193  22:15  Photon Cannon  
  193  22:16  Dark Templar  
  193  22:18  Dark Templar  
  197  22:24  Observer x2  
  199  22:30  Oracle  
  200  22:39  Protoss Air Weapons Level 3  
  200  22:43  Photon Cannon  
  196  23:00  Zealot x4  
  196  23:05  Zealot  
  196  23:21  Photon Cannon  
  196  23:22  Pylon  
  196  23:23  Photon Cannon  
  190  23:29  High Templar x2  
  190  23:30  High Templar x2  
  196  23:38  Warp Prism  
  198  23:45  Nexus  
  198  23:47  Zealot  
  198  23:48  Pylon  
  200  23:49  Protoss Shields Level 2  
  200  23:52  Protoss Air Armor Level 2  
  200  24:02  Pylon  
  196  24:30  Photon Cannon  
  194  24:31  Photon Cannon  
  194  24:33  Photon Cannon  
  194  24:35  Photon Cannon, Shield Battery  
  194  24:37  Shield Battery  
  194  24:39  Shield Battery  
  194  24:41  Shield Battery  
  194  24:45  Shield Battery  
  194  24:52  Photon Cannon  
  194  24:53  Photon Cannon  
  194  24:56  Assimilator, Photon Cannon  
  194  24:58  Photon Cannon  
  194  25:01  Zealot x3  
  192  25:51  Dark Templar x4  
  195  26:39  Archon  
  195  26:45  Protoss Air Armor Level 3  
  191  26:48  Zealot x4  
  199  27:00  Nexus  
  182  27:30  Carrier x3  
  182  27:36  Pylon  
  167  27:37  Zealot x2  
  167  27:38  Zealot x6  
  167  27:40  Warp Prism  
  200  27:47  Protoss Shields Level 3  
  200  28:11  Photon Cannon  
  200  28:12  Photon Cannon  
  200  28:14  Photon Cannon  
  200  28:16  Photon Cannon  
  178  28:53  Oracle  
  181  28:58  Dark Templar  
  172  29:08  Zealot x5  
  172  29:09  Zealot x2  
  186  29:21  Carrier x3  
  190  29:45  Oracle  
  190  29:54  Shield Battery  
  190  29:55  Shield Battery  
  190  29:56  Shield Battery  
  190  29:57  Zealot x6, Shield Battery  
  190  29:59  Shield Battery  
  200  30:16  Protoss Ground Armor Level 1  
  198  30:39  Zealot x4  
  197  30:44  Zealot  
  194  31:10  Oracle  
  193  31:30  Adept  
  192  31:35  Nexus  
  192  31:36  Pylon  
  188  31:57  Zealot x6  
  179  32:46  Zealot x7  
  179  32:47  Zealot  
  188  33:19  Zealot x5  
  186  33:20  Zealot x3  
  176  33:43  Zealot x5  
  176  33:44  Zealot x3  
  176  33:46  Nexus  
  186  33:49  Pylon  
  176  34:04  Nexus  
  176  34:07  Zealot x2  
  176  34:08  Zealot x6  
  186  34:17  Mothership  
  186  34:28  Zealot x7  
  200  34:35  Photon Cannon  
  200  34:37  Photon Cannon  
  200  34:50  High Templar  
  194  35:02  Photon Cannon  
  180  35:13  Zealot x7  
  177  35:39  Zealot  
  177  35:40  Zealot x7  
  179  35:55  Protoss Ground Armor Level 2  
  179  36:05  High Templar x4  
  179  36:06  Zealot x4  
  179  36:45  Dark Templar x2  
  179  36:46  Zealot x4, Dark Templar  
  190  36:53  Oracle  
  186  37:00  Observer x2  
  188  37:05  Nexus  
  188  37:20  High Templar x8  
  196  37:25  Archon x4  
  196  37:32  Oracle  
  164  38:28  Zealot  
  164  38:29  Zealot x4  
  121  40:09  High Templar x2  
  77  40:50  High Templar x2  
  81  41:12  Archon  
  75  41:37  Pylon  
  75  41:46  Gateway  
  75  41:50  Gateway  
  75  42:00  Gateway  
  75  42:02  Gateway  
  75  42:05  Gateway x2  
  72  42:45  High Templar x2  
  75  42:51  Observer  
  75  42:56  Archon  
  75  43:00  High Templar x3  
  75  43:01  High Templar  
  83  43:06  Archon  
  83  43:19  High Templar x2  
  87  43:48  Archon x3  
Show
View Real Time Build Order
Export as new Build Order

Namshar Zerg 

Build Orders: Hatch First, Lurkers, Roach Hydra 

Get SALT Encoding   

  12  0:00  Drone  
  13  0:12  Overlord  
  13  0:17  Drone  
  14  0:31  Drone x2  
  16  0:49  Hatchery  
  15  0:52  Drone  
  15  0:56  Drone  
  17  0:59  Drone  
  18  1:10  Extractor  
  17  1:15  Spawning Pool  
  17  1:18  Drone  
  17  1:21  Drone  
  18  1:28  Drone  
  19  1:39  Drone  
  20  1:49  Drone  
  21  2:01  Queen x2  
  21  2:02  Overlord, Zergling x2  
  26  2:10  Metabolic Boost  
  26  2:11  Drone  
  26  2:14  Drone  
  28  2:23  Drone x2  
  30  2:34  Drone x2  
  32  2:43  Hatchery  
  31  2:45  Zergling x2  
  31  2:50  Overlord  
  32  2:55  Drone  
  32  2:58  Pneumatized Carapace  
  33  3:10  Drone x4  
  33  3:11  Drone  
  37  3:13  Drone x2  
  37  3:19  Overlord  
  39  3:22  Drone  
  39  3:23  Drone  
  41  3:28  Queen  
  43  3:42  Drone x7  
  50  3:51  Overlord, Drone  
  50  3:53  Lair  
  51  4:01  Zergling x6  
  54  4:04  Queen  
  54  4:06  Overlord  
  54  4:07  Overlord  
  56  4:12  Extractor  
  56  4:13  Extractor  
  56  4:16  Roach Warren  
  53  4:18  Zergling x6  
  57  4:24  Zergling x4  
  58  4:38  Extractor  
  57  4:43  Overlord  
  57  5:01  Roach x12  
  81  5:07  Overlord x2  
  82  5:14  Drone x5  
  82  5:16  Glial Reconstitution  
  82  5:18  Drone x2  
  82  5:20  Drone  
  89  5:27  Drone x4  
  93  5:32  Evolution Chamber, Drone  
  93  5:33  Drone  
  94  5:40  Overseer  
  94  5:41  Drone  
  94  5:42  Drone x3  
  98  5:56  Overlord x2  
  98  5:58  Extractor  
  98  5:59  Roach x4  
  103  6:05  Hydralisk Den, Drone  
  103  6:06  Zerg Missile Weapons Level 1  
  103  6:17  Overseer  
  103  6:18  Overlord x2  
  103  6:19  Roach x5  
  114  6:33  Roach x5  
  114  6:38  Grooved Spines  
  114  6:39  Drone x2  
  122  6:40  Drone x2  
  120  6:51  Hatchery, Overlord  
  120  6:53  Extractor, Drone  
  119  6:55  Drone x3  
  119  6:56  Drone  
  125  7:08  Roach  
  125  7:09  Roach x6  
  137  7:16  Drone  
  137  7:17  Lurker Den  
  137  7:22  Overlord x2  
  137  7:23  Overlord x2  
  137  7:27  Queen  
  139  7:34  Hydralisk x3  
  145  7:41  Overlord  
  145  7:42  Overlord, Roach  
  145  7:43  Roach x3  
  153  7:47  Ravager x4  
  153  7:48  Ravager  
  153  7:49  Muscular Augments  
  158  7:58  Roach x8  
  174  8:12  Hydralisk x4  
  170  8:23  Hydralisk, Drone x3  
  170  8:24  Hydralisk x2  
  177  8:31  Roach x5  
  185  8:41  Hydralisk x3  
  185  8:43  Overlord x2  
  189  8:51  Zerg Missile Weapons Level 2  
  187  8:59  Roach  
  187  9:00  Roach x2  
  187  9:02  Hydralisk  
  171  9:03  Roach  
  171  9:05  Roach  
  167  9:10  Roach  
  167  9:11  Roach x3  
  167  9:14  Roach  
  167  9:15  Roach x2  
  177  9:17  Roach  
  172  9:25  Hydralisk x4  
  180  9:33  Roach  
  180  9:34  Roach x3  
  188  9:49  Hydralisk x6  
  198  10:07  Hydralisk, Zergling x10  
  168  10:08  Zergling x6  
  172  10:17  Hydralisk x4  
  172  10:27  Roach, Zergling x8  
  166  10:38  Hydralisk, Zergling x2  
  166  10:39  Zergling x2  
  142  10:51  Hydralisk x11  
  156  11:05  Drone  
  156  11:06  Hatchery  
  146  11:20  Hydralisk x7, Overlord  
  146  11:25  Zerg Ground Armor Level 1  
  160  11:30  Queen  
  162  11:34  Roach x2  
  162  11:38  Lurker  
  162  11:39  Zergling x6  
  170  11:44  Hydralisk x2  
  174  11:47  Drone  
  175  11:56  Drone x6  
  175  12:01  Overseer  
  181  12:10  Lurker  
  181  12:11  Lurker  
  181  12:12  Lurker  
  181  12:14  Drone x4  
  181  12:15  Drone x2  
  190  12:20  Lurker x2, Extractor  
  191  12:29  Lurker  
  189  12:38  Hydralisk x3  
  191  12:52  Queen  
  191  12:54  Extractor  
  191  12:55  Hydralisk x4  
  191  12:57  Hatchery  
  197  13:14  Drone  
  197  13:17  Infestation Pit  
  197  13:18  Spore Crawler  
  197  13:19  Drone  
  197  13:20  Spine Crawler  
  197  13:24  Lurker x2  
  197  13:26  Lurker  
  182  13:42  Hydralisk x10  
  196  13:52  Drone  
  196  13:53  Drone  
  192  14:07  Hydralisk  
  192  14:08  Hydralisk x9  
  174  14:21  Queen  
  174  14:22  Queen x2  
  182  14:29  Hive  
  172  14:32  Drone x9  
  172  14:34  Lurker  
  172  14:37  Lurker  
  173  14:47  Hydralisk x5  
  171  14:57  Queen  
  173  15:04  Queen x3  
  179  15:09  Lurker x3  
  182  15:14  Extractor, Drone x2  
  182  15:15  Extractor  
  182  15:33  Zerg Ground Armor Level 2  
  182  15:36  Drone  
  182  15:37  Pathogen Glands, Spire  
  182  15:48  Hydralisk x6  
  194  15:59  Drone x2  
  194  16:00  Drone x2  
  194  16:21  Infestor x3  
  200  16:33  Neural Parasite  
  200  16:39  Evolution Chamber  
  185  17:00  Greater Spire  
  181  17:11  Corruptor x9  
  181  17:14  Overseer  
  181  17:15  Overseer  
  199  17:23  Overseer  
  199  17:24  Overseer  
  199  17:27  Zerg Missile Weapons Level 3  
  193  17:51  Overlord, Drone  
  193  17:52  Zerg Ground Armor Level 3, Spire  
  193  18:17  Zerg Flyer Weapons Level 1  
  193  18:23  Brood Lord x3  
  193  18:24  Overseer  
  193  18:25  Overseer, Drone  
  200  18:36  Spore Crawler x2  
  200  18:37  Spore Crawler, Spine Crawler  
  200  18:39  Spore Crawler, Extractor  
  200  18:40  Extractor, Spine Crawler  
  189  18:41  Spore Crawler  
  188  18:52  Hatchery  
  188  18:55  Hatchery  
  188  18:57  Brood Lord x4  
  188  19:00  Adaptive Talons, Extractor  
  189  19:11  Brood Lord x2  
  189  19:14  Infestor x4  
  187  19:20  Infestor  
  189  19:24  Drone x3  
  189  19:25  Drone x3  
  189  19:26  Drone  
  196  19:50  Infestor x2  
  200  20:04  Zerg Melee Weapons Level 1  
  196  20:21  Hydralisk x2  
  196  20:27  Infestor x3  
  188  20:46  Queen x2  
  171  21:29  Infestor x3  
  177  21:32  Zerg Flyer Weapons Level 2  
  177  21:46  Spore Crawler x3  
  173  21:47  Spine Crawler  
  173  21:49  Spore Crawler  
  173  21:50  Overseer  
  173  21:51  Spine Crawler  
  173  21:53  Drone x4  
  168  21:56  Hatchery, Corruptor x8  
  168  21:58  Overlord x2  
  168  22:00  Drone x2  
  168  22:01  Drone x2  
  182  22:09  Spine Crawler  
  182  22:10  Spine Crawler  
  182  22:13  Spore Crawler, Overlord x4, Overseer  
  182  22:14  Overseer, Spine Crawler  
  178  22:16  Infestor x2  
  178  22:17  Infestor x3  
  178  22:18  Infestor  
  178  22:20  Overseer  
  190  22:24  Overseer x2  
  192  22:30  Brood Lord x2  
  194  23:10  Hatchery  
  194  23:12  Spire  
  192  23:13  Spire  
  190  23:36  Hatchery  
  189  23:46  Spore Crawler x3  
  189  23:48  Spore Crawler x4  
  182  23:49  Spore Crawler  
  182  23:50  Spore Crawler  
  182  23:53  Hatchery  
  182  23:54  Drone x11  
  182  23:55  Drone x2  
  192  23:57  Spore Crawler x4  
  192  24:00  Drone x4  
  192  24:01  Drone x2  
  194  24:07  Spine Crawler  
  194  24:08  Hatchery, Spine Crawler x2  
  190  24:18  Queen  
  192  24:28  Zerg Flyer Weapons Level 3, Greater Spire  
  192  24:59  Spore Crawler, Spine Crawler x2  
  189  25:00  Spore Crawler, Spine Crawler  
  189  25:02  Spore Crawler  
  186  25:16  Spore Crawler  
  185  25:26  Overseer  
  185  25:27  Overseer x3  
  185  25:28  Corruptor x2  
  185  25:29  Corruptor x5  
  199  25:44  Spore Crawler  
  199  25:45  Spore Crawler x2  
  199  25:46  Spore Crawler  
  193  25:59  Drone x9  
  196  26:07  Extractor  
  196  26:08  Extractor  
  194  26:33  Hatchery  
  194  26:39  Viper x2  
  199  26:50  Drone  
  200  27:09  Zerg Flyer Armor Level 1, Zerg Melee Weapons Level 2  
  183  27:45  Drone x3  
  183  27:46  Drone x3  
  189  28:00  Hatchery  
  188  28:09  Brood Lord  
  190  28:14  Hydralisk  
  190  28:15  Hydralisk  
  190  28:19  Hydralisk  
  190  28:23  Hydralisk x4, Spine Crawler  
  190  28:24  Spine Crawler x2  
  190  28:25  Spine Crawler  
  196  28:28  Spine Crawler  
  196  28:31  Hydralisk  
  197  28:38  Hydralisk  
  197  28:39  Zergling x2  
  200  28:47  Hatchery  
  199  28:55  Drone  
  196  29:24  Overseer x2  
  196  29:59  Zerg Flyer Armor Level 2  
  195  30:00  Zerg Melee Weapons Level 3  
  195  30:01  Adrenal Glands  
  195  30:05  Extractor  
  195  30:06  Spore Crawler, Hatchery, Spine Crawler  
  191  30:09  Extractor  
  188  30:22  Zergling x22  
  192  30:36  Spine Crawler x2  
  192  30:41  Infestor x2  
  185  30:47  Drone x5  
  185  30:48  Drone x2, Spine Crawler  
  191  31:16  Burrow  
  191  31:21  Zergling x18  
  199  31:40  Spore Crawler x2  
  199  31:41  Spore Crawler  
  196  31:47  Hatchery  
  194  32:22  Spore Crawler  
  193  32:23  Spore Crawler x2, Drone  
  193  32:24  Drone x8  
  193  32:26  Spore Crawler  
  186  32:46  Zergling x30  
  197  32:56  Lair  
  196  32:58  Extractor  
  196  32:59  Spore Crawler x2  
  196  33:00  Spore Crawler  
  196  33:01  Spore Crawler, Extractor  
  196  33:02  Spore Crawler  
  196  33:04  Zergling x10  
  196  33:05  Zergling x14  
  182  33:08  Spine Crawler  
  182  33:11  Drone x2  
  179  33:13  Spawning Pool  
  166  33:57  Drone x4  
  166  33:58  Drone x3  
  166  33:59  Drone x3  
  166  34:00  Drone x2  
  166  34:01  Drone x2  
  179  34:05  Hydralisk Den  
  178  34:33  Infestation Pit  
  178  34:34  Hydralisk x11  
  199  34:55  Overlord x4  
  196  35:12  Overlord x4  
  192  35:24  Spore Crawler  
  192  35:25  Spore Crawler x2  
  192  35:26  Spore Crawler, Hydralisk  
  192  35:27  Zergling x14  
  192  35:28  Zergling x6  
  199  35:32  Hatchery  
  199  35:34  Extractor  
  190  35:47  Spore Crawler  
  188  36:35  Hatchery  
  183  36:49  Hatchery  
  182  37:25  Drone x3  
  182  37:26  Drone x4  
  182  37:27  Drone x8  
  186  37:39  Hydralisk x3  
  186  37:40  Zergling x2  
  186  37:41  Zergling x2  
  194  37:50  Hydralisk x2  
  194  37:51  Zergling x4  
  200  37:54  Spine Crawler  
  200  37:56  Spine Crawler  
  152  38:20  Hydralisk x3  
  152  38:21  Zergling x34  
  152  38:30  Infestor  
  152  38:31  Infestor x3  
  149  38:57  Infestor x2  
  149  38:58  Infestor x2  
  157  39:12  Spore Crawler  
  157  39:13  Spore Crawler  
  157  39:15  Spore Crawler  
  157  39:16  Spore Crawler x2  
  151  39:26  Hatchery  
  140  39:33  Corruptor x15  
  156  39:44  Corruptor  
  144  39:48  Corruptor x2  
  144  39:49  Corruptor  
  117  39:53  Corruptor  
  117  39:59  Corruptor  
  121  40:05  Drone x2  
  121  40:06  Drone x18  
  121  40:14  Corruptor  
  85  40:38  Corruptor x2  
  71  40:51  Drone x2  
  67  41:05  Corruptor  
  53  41:19  Drone  
  32  41:37  Corruptor x3  
  33  42:02  Drone x3  
  36  42:41  Brood Lord  
  29  43:00  Drone x3  
Tags
 
Add a new tag
Caveats
  • Supply blocks, unpowered buildings, or Contaminate may cause inaccurate times.
  • Supply counts are checked every 10 seconds.